AoeStats
← OhBoyitsDarran

Arabia

506265578Analyzed
1v1 RM · 18d ago on Sep 13, 2026· 51m 31s· 2 players
Game mode
Random Map
Map size
Tiny (2 player)
Population
200
Speed
Normal
Resources
Standard
Victory
Conquest
Starting age
Dark Age
Ending age
Imperial Age
RankedLock teamsTeams togetherTeam positionsShared explorationLock speedFull tech treeHidden civsTurbo modeCheats
Victory
Defeat
🇦🇷 Ethiopians · Argentina
897
+16
🇺🇸 Poles · United States
895
-16
OhBoyitsDarran
9:29 Feudal Age
12:39 Loom
18:31 Castle Age
19:52 Bloodlines
22:03 Loom
24:14 Double-Bit Axe
25:20 Squires
29:29 Elite Skirmisher
43:53 Horse Collar
47:20 Husbandry
47:30 Szlachta Privileges
47:09 Pikeman
Antarktus
6:58 Loom
10:01 Feudal Age
13:00 Fletching
19:42 Castle Age
17:55 Double-Bit Axe
17:52 Horse Collar
19:46 Crossbowman
21:38 Elite Skirmisher
22:30 Thumb Ring
23:42 Forging
24:41 Bodkin Arrow
24:59 Husbandry
27:05 Scale Barding Armor
36:01 Imperial Age
40:15 Chemistry
40:27 Bow Saw
39:48 Arbalester
45:48 Heavy Camel Rider
49:55 Ballistics
Connection lost

Rejoining the realm…

Still unreachable

The connection could not be restored.

Session expired

The server has moved on; the page needs a fresh start.